[Event "18th Brasschaat Open 2018"]
[Site "Brasschaat"]
[Date "2018.08.25"]
[Round "8"]
[White "Naalden, Marc"]
[Black "Oudewaal, Vincent"]
[Result "0-1"]
[ECO "A45"]
[WhiteElo "1860"]
[BlackElo "2070"]
[Annotator "NA RC"]
[PlyCount "56"]
[EventDate "2018.08.18"]
[EventType "swiss"]
[EventCountry "BEL"]
[SourceTitle "playchess.com"]
[Source "ChessBase"]
[SourceQuality "1"]
[TimeControl "40/5400+30:1800+30"]

1. d4 Nf6 2. Bf4 d6 3. Nc3 Nbd7 4. Nf3 c5 5. d5 {[%emt 0:04:20] LiveBook: 9 Games} b5 6. Nxb5 Qa5+ 7. Nc3 Rb8 8. Bd2 Rxb2 9. e4 g6 10. Nb5 $15 ({White should try} 10. Qc1 $14 Rb7 11. a4) 10... Qa4 11. c4 Qxd1+ 12. Kxd1 Nxe4 13. Nc7+ Kd8 14. Ba5 Nb6 15. Nb5 Bg7 16. Nxa7 Nxf2+ 17. Ke1 Nxh1 18. Rd1 Bg4 19. Nb5 Bxf3 20. Bxb6+ Kd7 21. gxf3 Rxa2 22. Rd2 Ra6 23. Bg2 Rxb6 24. Ra2 Rhb8 25. Bf1 Bd4 26. h4 Ng3 27. Bh3+ f5 28. Rg2 Be5 0-1

[Event "18th Brasschaat Open 2018"]
[Site "Brasschaat"]
[Date "2018.08.25"]
[Round "8"]
[White "Busschots, Johan"]
[Black "Mitran, Anthony Cristian"]
[Result "1-0"]
[ECO "A42"]
[WhiteElo "1823"]
[BlackElo "2096"]
[Annotator "NA RC"]
[PlyCount "90"]
[EventDate "2018.08.18"]
[EventType "swiss"]
[EventCountry "BEL"]
[SourceTitle "playchess.com"]
[Source "ChessBase"]
[SourceQuality "1"]
[TimeControl "40/5400+30:1800+30"]

1. d4 d6 2. c4 g6 3. Nc3 Bg7 4. e4 Nd7 5. Be2 e6 {[%emt 0:02:26] LiveBook: 5 Games A42: Modern Defence: Averbakh Variation} 6. f4 Ne7 7. Nf3 O-O 8. O-O c6 9. Be3 d5 $146 ({Predecessor:} 9... h6 10. e5 d5 11. cxd5 Nxd5 12. Nxd5 cxd5 13. Qd2 Re8 {1-0 (29) Becker,M (2381)-Birkenmaier,R (2125) Oberhausen 2007}) 10. cxd5 exd5 11. e5 b6 12. b4 Bb7 13. Qb3 Rb8 14. Qc2 Re8 15. Bd3 Nf8 16. g4 Bh6 17. Qd2 Bc8 18. h3 Kh8 19. Ne2 Bg7 20. Ng3 f6 21. f5 c5 22. e6 c4 23. Bc2 Ba6 24. Rfc1 Rc8 25. Ba4 b5 26. Bc2 c3 27. Qf2 $18 Qd6 28. a3 Bb7 29. Ne2 a5 30. Bf4 Qb6 31. Bd3 gxf5 32. gxf5 axb4 33. axb4 Nxf5 34. Bxf5 Nxe6 35. Qh4 Kg8 36. Qxh7+ Kf8 37. Kh1 Nxf4 38. Nxf4 Rc7 39. Ng6+ Kf7 40. Qh5 Kg8 41. Re1 Bc6 42. Be6+ Rxe6 43. Rxe6 Kf7 44. Nf4+ Kf8 45. Ra8+ Bxa8 1-0

[Event "18th Brasschaat Open 2018"]
[Site "Brasschaat"]
[Date "2018.08.25"]
[Round "8"]
[White "Vande Ginste, Michiel"]
[Black "De Block, Fabio"]
[Result "0-1"]
[ECO "B17"]
[WhiteElo "1762"]
[BlackElo "1956"]
[Annotator "NA RC"]
[PlyCount "92"]
[EventDate "2018.08.18"]
[EventType "swiss"]
[EventCountry "BEL"]
[SourceTitle "playchess.com"]
[Source "ChessBase"]
[SourceQuality "1"]
[TimeControl "40/5400+30:1800+30"]

1. e4 c6 2. d4 d5 3. Nc3 dxe4 4. Nxe4 Nd7 5. Nf3 Ngf6 6. Nxf6+ Nxf6 7. Ne5 Bf5 8. c3 e6 {[%emt 0:00:38] [#] LiveBook: 22 Games} (8... Nd5 $14) 9. g4 $1 Qd5 10. Rg1 Bg6 11. h4 h5 12. Nxg6 fxg6 13. Bg2 Qd7 14. g5 Nd5 $16 15. Qd3 Ne7 16. Be4 Nf5 17. Rh1 O-O-O 18. Bf4 Bd6 19. Be3 e5 20. d5 c5 21. c4 Rhf8 22. O-O-O Kb8 23. Kb1 Rc8 24. Bd2 Ka8 25. Bc3 b5 26. b3 b4 27. Bb2 a5 28. Rde1 Rce8 29. Qd2 a4 30. Bg2 axb3 31. axb3 Kb7 32. Re4 Kb6 33. Rhe1 Nd4 34. Bxd4 cxd4 35. f4 Ra8 36. fxe5 Bc5 37. R1e2 d3 38. Qxd3 Qa7 39. Kc1 Qa1+ 40. Qb1 Qc3+ 41. Rc2 Be3+ 42. Rxe3 Qxe3+ 43. Rd2 Qc3+ 44. Rc2 Qe1+ 45. Kb2 Qxe5+ 46. Kc1 Ra1 0-1

[Event "18th Brasschaat Open 2018"]
[Site "Brasschaat"]
[Date "2018.08.26"]
[Round "9"]
[White "Draftian, Ashote"]
[Black "Busschots, Johan"]
[Result "0-1"]
[ECO "C17"]
[WhiteElo "2247"]
[BlackElo "1823"]
[Annotator "NA"]
[PlyCount "41"]
[EventDate "2018.08.18"]
[EventType "swiss"]
[EventCountry "BEL"]
[SourceTitle "playchess.com"]
[Source "ChessBase"]
[SourceQuality "1"]
[TimeControl "40/5400+30:1800+30"]

1. e4 e6 2. Nc3 d5 3. d4 Bb4 4. e5 c5 5. Bd2 Ne7 6. Nb5 Bxd2+ 7. Qxd2 O-O 8. dxc5 Nd7 9. Qc3 a6 {[%emt 0:01:53] C17: French: 3 Nc3 Bb4 4 e5 c5 sidelines} 10. Nd6 Qc7 (10... b6 11. cxb6 Qxb6 12. Nf3 Ng6 13. Bd3 Ngxe5 14. Nxe5 Qxd6 15. f4 f6 16. Qc6 Qb4+ 17. c3 Nxe5 18. fxe5 Qxb2 {0-1 (25) Simonian,H (2445)-Mousavi,S (2422) Sareyn 2017}) 11. O-O-O Qxc5 12. Qxc5 Nxc5 13. f4 f6 14. Nf3 Nc6 $146 ({Predecessor:} 14... b5 15. g3 Rb8 16. exf6 gxf6 17. Bh3 {½-½ (48) Sacerdotali,S (2095)-Kroes,F (2088) LSS email 2009}) 15. Be2 fxe5 16. fxe5 Nd7 17. Rhe1 Ndxe5 18. Nxe5 Nxe5 19. Bh5 Nc6 20. Bg4 Nd8 $1 21. c3 $11 0-1

[Event "18th Brasschaat Open 2018"]
[Site "Brasschaat"]
[Date "2018.08.26"]
[Round "9"]
[White "Dauw, Sterre"]
[Black "Pirard, Natan"]
[Result "1/2-1/2"]
[ECO "B31"]
[WhiteElo "2192"]
[BlackElo "2067"]
[Annotator "NA"]
[PlyCount "139"]
[EventDate "2018.08.18"]
[EventType "swiss"]
[EventCountry "BEL"]
[SourceTitle "playchess.com"]
[Source "ChessBase"]
[SourceQuality "1"]
[TimeControl "40/5400+30:1800+30"]

1. e4 c5 2. Nf3 Nc6 3. Bb5 g6 4. Bxc6 dxc6 5. h3 Bg7 6. d3 Nf6 7. O-O Nd7 8. Nc3 e5 9. Be3 Qe7 10. Qd2 O-O 11. a3 {[%emt 0:02:45] B31: Sicilian: 2...Nc6 3 Bb5 g6} (11. Nh2 Re8 12. f4 exf4 13. Bxf4 Nf8 14. Bh6 Bd4+ 15. Kh1 Be6 16. Rae1 c4 17. Nf3 Bh8 18. d4 b5 {½-½ (40) Halkias,S (2585)-Naiditsch,A (2687) Tallinn 2016}) 11... Rd8 12. b4 b5 $146 ({Predecessor:} 12... cxb4 13. axb4 Qxb4 14. Bxa7 b6 15. Ra4 Qe7 16. Rfa1 Bb7 17. Qe3 b5 18. R4a2 Qb4 {½-½ (42) Dragnev,V (2371)-Drozdowski,K (2457) Ceske Budejovice 2015}) 13. Rfb1 Bb7 14. Ne2 cxb4 15. Qxb4 Qxb4 16. axb4 a6 17. Nc1 c5 18. bxc5 Rac8 19. Nb3 Bf8 20. c6 Bxc6 21. Rxa6 b4 22. Ra5 f6 23. Nfd2 Ra8 24. Rba1 Rdc8 25. Rxa8 Rxa8 26. Rxa8 Bxa8 27. Nc4 Bc6 28. Kf1 Kf7 29. Nb6 Nxb6 30. Bxb6 Ba4 31. Ke2 Ke6 32. Kd2 f5 33. Bc5 Bh6+ 34. Kd1 fxe4 35. dxe4 Bc6 36. Bxb4 Bxe4 37. Nc5+ Kd5 38. Nxe4 Kxe4 39. Ke2 Kd4 40. Bd2 Bf8 41. f3 e4 42. Be3+ Kd5 43. c4+ Kxc4 44. fxe4 Bg7 45. Kf3 Kb5 46. Kg4 Kc6 47. Kg5 Kd6 48. Bf4+ Ke6 $16 49. g4 Kf7 50. Kh4 Ke6 51. Kg3 Bf6 52. Kf3 Bd4 53. Ke2 Bg7 54. Kd3 Bb2 55. Kc4 Bg7 56. Be3 Be5 57. Bd4 Bd6 58. Bg7 Bb8 59. Kc5 Be5 60. Bf8 Bf4 61. Kd4 Be5+ 62. Kd3 Bf4 63. Bg7 Bd6 64. Kd4 Ba3 65. e5 Bb2+ 66. Ke4 Bc1 67. h4 Bb2 68. h5 Bc1 69. Bf6 Bb2 70. hxg6 1/2-1/2

[Event "18th Brasschaat Open 2018"]
[Site "Brasschaat"]
[Date "2018.08.26"]
[Round "9"]
[White "Den Hartog, Marijn"]
[Black "Grochal, Joey"]
[Result "0-1"]
[ECO "A17"]
[WhiteElo "2118"]
[BlackElo "2300"]
[Annotator "NA"]
[PlyCount "90"]
[EventDate "2018.08.18"]
[EventType "swiss"]
[EventCountry "BEL"]
[SourceTitle "playchess.com"]
[Source "ChessBase"]
[SourceQuality "1"]
[TimeControl "40/5400+30:1800+30"]

1. Nf3 Nf6 2. c4 e6 3. g3 b6 4. Bg2 Bb7 5. O-O Be7 6. Nc3 O-O 7. Re1 Ne4 8. Nxe4 Bxe4 9. d3 Bb7 10. Bf4 $146 {[%emt 0:02:38] A17: Englische Eröffnung} ({Vorgänger:} 10. e4 c5 11. d4 cxd4 12. Nxd4 d6 13. b3 a6 14. Bb2 Nd7 15. Qg4 Ne5 16. Qe2 Rc8 17. Rad1 Qc7 18. f4 Nc6 19. Nc2 Rfe8 20. Ne3 Bf8 {½-½ (43) Efimenko,Z (2636)-Johansson,L (2468) Germany 2018}) 10... c5 11. a3 d6 12. b4 Bf6 13. Ra2 Nc6 14. Qb1 Qd7 15. Rc1 h6 16. Nd2 Rab8 17. Ne4 Be7 18. b5 (18. bxc5 $14 bxc5 19. Rb2) 18... Nd4 19. Nc3 g5 20. Be3 f5 21. f4 Kh7 22. Rf1 Rg8 23. fxg5 Bxg2 24. Kxg2 Qb7+ 25. Kg1 Bxg5 26. Bxg5 hxg5 27. Qd1 g4 28. e4 Nf3+ 29. Rxf3 gxf3 30. Qxf3 Rg5 31. Qf4 Qg7 32. Qxd6 Qxc3 33. Qxb8 Qxd3 34. Rf2 Qxe4 35. Qf4 Qxf4 36. Rxf4 Rg7 37. Rh4+ Kg6 38. Rh8 Kf6 39. Kf2 Rg4 40. Rh7 Rxc4 41. Rxa7 Rc2+ 42. Kg1 Ke5 ({Better is} 42... e5 $17 43. Rb7 e4 44. Rxb6+ Ke5) 43. Rh7 c4 44. h4 Ra2 45. Rb7 c3 $19 0-1

[Event "18th Brasschaat Open 2018"]
[Site "Brasschaat"]
[Date "2018.08.26"]
[Round "9"]
[White "Oudewaal, Vincent"]
[Black "Sadkowski, Daniel"]
[Result "0-1"]
[ECO "A20"]
[WhiteElo "2070"]
[BlackElo "2235"]
[Annotator "NA"]
[PlyCount "102"]
[EventDate "2018.08.18"]
[EventType "swiss"]
[EventCountry "BEL"]
[SourceTitle "playchess.com"]
[Source "ChessBase"]
[SourceQuality "1"]
[TimeControl "40/5400+30:1800+30"]

1. c4 e5 2. g3 c6 3. d4 Bb4+ 4. Bd2 Bxd2+ 5. Qxd2 d6 6. dxe5 {[%emt 0:02:39] A20: Englische Eröffnung} dxe5 7. Qxd8+ Kxd8 8. Nc3 Kc7 $146 ({Vorgänger:} 8... Nf6 9. Bh3 Bxh3 10. Nxh3 h6 11. f3 Nbd7 12. Nf2 Ke7 13. O-O-O Rhd8 14. Nfe4 g6 15. Nxf6 Nxf6 16. Rxd8 Rxd8 17. Rd1 Rd4 18. Rxd4 exd4 {½-½ (18) Rosen,B (2316)-Fressinet,L (2536) Germany 2001}) 9. b3 Nf6 10. f3 a5 11. Rd1 Na6 12. e3 Nc5 13. e4 h5 14. h4 Ne6 15. Nh3 Nh7 16. Kf2 f6 17. Ke3 Nd4 18. Ne2 Nxe2 19. Bxe2 Nf8 20. f4 Bxh3 21. Rxh3 Ne6 22. Rf1 Kd6 23. fxe5+ fxe5 24. Rf7 b6 25. Rh1 Raf8 26. Rd1+ Kc5 27. Re7 Rf6 28. a3 Rhh6 29. Rd3 a4 $2 (29... Rh8 $18 30. Kd2 Rd8) 30. b4+ Kxc4 31. Rd6+ Kb3 32. Rxc6 Kxa3 33. Rxb6 Kb2 34. Ra6 a3 35. Rea7 Nd4 36. Ra4 Rc6 37. Bd1 Rc3+ 38. Kd2 Rf6 39. b5 Rf2+ 40. Ke1 Rh2 41. b6 Nc2+ 42. Kf1 Ne3+ 43. Kg1 Rg2+ 44. Kh1 Rd2 45. Rb4+ Ka1 46. Rc7 Rxd1+ 47. Kh2 Ng4+ 48. Kg2 Rxc7 49. bxc7 Rc1 50. Rb7 $19 Rc2+ 51. Kf1 Nf6 0-1

[Event "18th Brasschaat Open 2018"]
[Site "Brasschaat"]
[Date "2018.08.26"]
[Round "9"]
[White "Van Herck, Marcel"]
[Black "Naalden, Marc"]
[Result "1-0"]
[ECO "A83"]
[WhiteElo "2019"]
[BlackElo "1860"]
[Annotator "NA"]
[PlyCount "33"]
[EventDate "2018.08.18"]
[EventType "swiss"]
[EventCountry "BEL"]
[SourceTitle "playchess.com"]
[Source "ChessBase"]
[SourceQuality "1"]
[TimeControl "40/5400+30:1800+30"]

1. d4 f5 2. e4 fxe4 3. Nc3 Nf6 4. Bg5 g6 5. h4 Bg7 6. h5 d5 7. h6 Bf8 8. f3 Qd6 9. Nge2 exf3 10. gxf3 Nc6 11. Nb5 Qb4+ 12. Nec3 Kd8 13. a3 Qa5 14. b4 Nxb4 15. axb4 Qxb4 16. Ra4 Qb2 17. Bc1 1-0

[Event "18th Brasschaat Open 2018"]
[Site "Brasschaat"]
[Date "2018.08.26"]
[Round "9"]
[White "De Block, Fabio"]
[Black "Baselmans, Luuk"]
[Result "1-0"]
[ECO "E11"]
[WhiteElo "1956"]
[BlackElo "2100"]
[Annotator "NA"]
[PlyCount "65"]
[EventDate "2018.08.18"]
[EventType "swiss"]
[EventCountry "BEL"]
[SourceTitle "playchess.com"]
[Source "ChessBase"]
[SourceQuality "1"]
[TimeControl "40/5400+30:1800+30"]

1. d4 e6 2. c4 Bb4+ 3. Bd2 a5 4. g3 Nf6 5. Bg2 d5 6. Nf3 O-O 7. O-O Ne4 {[%emt 0:08:07] E11: Bogo-Indian} (7... c6 8. Bxb4 axb4 9. Nbd2 b6 10. Qc2 Bb7 11. Rfd1 Qe7 12. e4 Na6 13. e5 Nd7 14. h4 Rfd8 15. Ng5 {0-1 (47) Meskovs,N (2546)-Fridman,D (2635) Tallinn 2018}) 8. Bf4 Bd6 9. Bxd6 Qxd6 10. Nc3 Nxc3 11. bxc3 dxc4 $146 ({Predecessor:} 11... b6 12. Ne5 f6 13. Nd3 Nd7 14. Nf4 c6 15. cxd5 exd5 {1-0 (48) Aviles,F (2044)-Alidani,L (1954) Olongapo City 2015}) 12. Ne5 Qa6 13. a4 Nd7 14. Nf3 Rb8 15. e4 c6 16. Re1 b5 17. axb5 cxb5 18. d5 Nc5 19. Nd4 exd5 20. exd5 Bd7 $17 21. Nc6 Bxc6 22. dxc6 Qb6 23. Qf3 Rbc8 24. Re7 a4 25. Qe3 b4 26. Rb7 Qd8 27. Qxc5 b3 28. Qxc4 Qd2 29. Qxa4 b2 30. Rb1 Ra8 31. Qd1 Qxd1+ 32. Rxd1 Ra1 33. Rf1 1-0

[Event "18th Brasschaat Open 2018"]
[Site "Brasschaat"]
[Date "2018.08.26"]
[Round "9"]
[White "Engelaer, Maurice"]
[Black "Beukema, Constantijn"]
[Result "1/2-1/2"]
[ECO "C25"]
[WhiteElo "1915"]
[BlackElo "1758"]
[Annotator "NA"]
[PlyCount "76"]
[EventDate "2018.08.18"]
[EventType "swiss"]
[EventCountry "BEL"]
[SourceTitle "playchess.com"]
[Source "ChessBase"]
[SourceQuality "1"]
[TimeControl "40/5400+30:1800+30"]

1. e4 e5 2. Bc4 Nc6 3. Nc3 Bc5 4. Qg4 g6 5. Qf3 Nf6 {[%emt 0:00:34] C25: Wiener Partie} 6. Nd5 (6. Nge2 d6 7. h3 h6 8. d3 Qe7 9. g4 Be6 10. Bxe6 fxe6 11. Bxh6 Rxh6 12. g5 Rh7 13. Qxf6 Qxf6 14. gxf6 Rf7 15. O-O Rxf6 16. Na4 Bb6 17. a3 Ke7 {½-½ (17) Koziak,V (2480)-Chojnacki,K (2400) Police 2015}) 6... Nxd5 7. Bxd5 Qe7 8. Ne2 Nd4 9. Nxd4 Bxd4 10. O-O $146 ({Vorgänger:} 10. d3 d6 11. h4 f6 12. c3 Bb6 13. Be3 {1-0 (23) Poveda Zapata,J-Mosquera,A (1698) Coliseo Menor 2011}) 10... d6 11. c3 Bb6 12. a4 c6 13. a5 cxd5 14. axb6 dxe4 15. Qxe4 a6 16. d4 O-O 17. Re1 f5 18. Qc2 Qf6 19. Qb3+ Be6 20. d5 Bd7 21. Qb4 f4 22. f3 Rfc8 23. b3 Rc5 24. c4 a5 25. Qd2 a4 26. Ba3 Rcc8 27. Qa2 axb3 28. Qxb3 Ra4 29. Bb4 Rxa1 $1 30. Rxa1 e4 31. Bc3 Qf5 32. fxe4 Qxe4 33. Re1 Qd3 34. Qb2 Re8 35. Rxe8+ $11 Bxe8 36. Bh8 Qe3+ 37. Kf1 Qd3+ 38. Kg1 Qe3+ 1/2-1/2

[Event "18th Brasschaat Open 2018"]
[Site "Brasschaat"]
[Date "2018.08.26"]
[Round "9"]
[White "Raats, Joppe"]
[Black "Boudry, William"]
[Result "0-1"]
[ECO "C01"]
[WhiteElo "1862"]
[BlackElo "2044"]
[Annotator "NA"]
[PlyCount "62"]
[EventDate "2018.08.18"]
[EventType "swiss"]
[EventCountry "BEL"]
[SourceTitle "playchess.com"]
[Source "ChessBase"]
[SourceQuality "1"]
[TimeControl "40/5400+30:1800+30"]

1. e4 e6 2. d4 d5 3. Bd3 dxe4 4. Bxe4 Nf6 5. Bf3 c5 6. Ne2 Be7 {[%emt 0:01:16] C01: French: Exchange Variation} (6... Nc6 7. Be3 Nd5 8. Bxd5 Qxd5 9. Nbc3 Qxg2 10. Rg1 Qf3 11. Nb5 Rb8 12. dxc5 Bd7 13. Nc7+ Kd8 14. Nb5 {0-1 (54) Kramnik,V (2808)-Caruana,F (2808) Stavanger 2017}) 7. O-O O-O 8. c4 cxd4 9. Nxd4 Nbd7 10. Nc3 a6 11. Be3 $146 ({Predecessor:} 11. Re1 Qc7 12. b3 {1-0 (46) Ponkratov,P (2607)-Nestor,K (2114) Tallinn 2016}) 11... Ne5 12. Be2 Qc7 13. b3 Rd8 14. Qc1 Neg4 15. Nf3 Bd6 16. g3 Nxe3 17. Qxe3 Bd7 18. Rfd1 Bc5 19. Qe5 Bxf2+ 20. Kg2 Qb6 21. Qf4 Be3 22. Qh4 Bc6 23. g4 $2 (23. Kf1) 23... g5 24. Qh3 Bd4 25. Rac1 Bxc3 26. Rxd8+ Rxd8 27. Rxc3 Ne4 $19 28. Rc2 Qf2+ 29. Kh1 Nd2 30. Qg2 Bxf3 31. Bxf3 Qe1+ 0-1

[Event "18th Brasschaat Open 2018"]
[Site "Brasschaat"]
[Date "2018.08.26"]
[Round "9"]
[White "Follesa, Enrico"]
[Black "Van Dijck, Bjarne"]
[Result "0-1"]
[ECO "C45"]
[WhiteElo "1856"]
[BlackElo "1932"]
[Annotator "NA"]
[PlyCount "78"]
[EventDate "2018.08.18"]
[EventType "swiss"]
[EventCountry "BEL"]
[SourceTitle "playchess.com"]
[Source "ChessBase"]
[SourceQuality "1"]
[TimeControl "40/5400+30:1800+30"]

1. e4 e5 2. Nf3 Nc6 3. d4 exd4 4. Nxd4 Bb4+ 5. c3 Bc5 6. Be3 Bb6 {[%emt 0:00:00] C45: Scotch Game} 7. g3 (7. Nf5 Bxe3 8. Nxe3 Nf6 9. f3 O-O 10. c4 d6 11. Nc3 Nd7 12. Be2 Nc5 13. O-O a5 14. Qd2 Bd7 15. f4 {1-0 (37) Idani,P (2572)-Gordievsky,D (2653) Qinhuangdao 2018}) 7... Nf6 8. Bg2 O-O 9. O-O Re8 10. Re1 d5 11. exd5 Nxd4 $146 ({Predecessor:} 11... Bg4 12. Nxc6 bxc6 13. Qd2 Nxd5 14. Bxb6 Rxe1+ 15. Qxe1 axb6 {0-1 (62) Gerlagh,J (2103)-Timmermans,I (2207) Maastricht 2014}) 12. Bxd4 Bxd4 13. cxd4 Bg4 14. Rxe8+ Qxe8 15. Qd2 Qd7 16. Nc3 Bh3 17. Bh1 Re8 18. Re1 h5 19. Re5 $14 h4 20. Qe2 Bg4 21. Bf3 Bxf3 22. Qxf3 h3 23. Qf4 b5 24. Rxe8+ Qxe8 25. Qe5 Qd7 26. d6 b4 27. Nd5 Nxd5 28. Qxd5 cxd6 29. Qa8+ Kh7 30. Qe4+ g6 31. b3 Kg7 32. d5 Qc7 33. Qd4+ Kg8 34. Qc4 Qxc4 35. bxc4 a5 36. Kf1 a4 37. Ke2 b3 38. axb3 a3 39. Kd2 a2 0-1

[Event "18th Brasschaat Open 2018"]
[Site "Brasschaat"]
[Date "2018.08.26"]
[Round "9"]
[White "Lambregts, Frank"]
[Black "De Bock, Thijs"]
[Result "0-1"]
[ECO "D01"]
[WhiteElo "1819"]
[BlackElo "1959"]
[Annotator "NA"]
[PlyCount "60"]
[EventDate "2018.08.18"]
[EventType "swiss"]
[EventCountry "BEL"]
[SourceTitle "playchess.com"]
[Source "ChessBase"]
[SourceQuality "1"]
[TimeControl "40/5400+30:1800+30"]

1. d4 Nf6 2. Nc3 d5 3. Bg5 e6 4. Qd3 h6 5. Bf4 a6 6. g4 c5 7. dxc5 Bxc5 8. h3 Nc6 9. a3 e5 10. g5 Nh5 11. Bh2 Be6 12. e4 d4 ({And not} 12... Qxg5 13. Nxd5 Bxd5 14. exd5 $15) 13. Nd5 hxg5 14. Qc4 (14. Nf3 $142) 14... Bf8 15. Nf3 Rc8 16. Qb3 (16. O-O-O {was necessary.}) 16... Nf6 17. Nxg5 Nxe4 18. Nxe6 fxe6 19. Nb6 Nc5 20. Qg3 $19 Qxb6 21. Qg6+ Kd7 22. Qf7+ Be7 23. b4 Nxb4 24. axb4 Qxb4+ 25. Ke2 Ne4 26. Bg2 Rxc2+ 27. Kf1 Rxf2+ 28. Qxf2 Nxf2 29. Kxf2 Qd2+ 30. Kg3 Qf4# 0-1